[ PARTIDA AOE2 · #465706155 ]
Team RMFrancos vs Chinese
[ ANÁLISIS DE REPETICIÓN · EXTRAÍDO DE LA PARTIDA GRABADA ]
Feudal
—
Castillos
—
Imperial
—
| APM promedio | 18.8 |
| APM pico | 35 |
| eAPM promedio | 8.5 |
| Aldeanos / militares | 11 / 0 |
Foco
⚔️ 7.1% · 🌾 92.9%
Feudal
—
Castillos
—
Imperial
—
| APM promedio | 24.0 |
| APM pico | 38 |
| eAPM promedio | 10.7 |
| Aldeanos / militares | 4 / 0 |
Foco
⚔️ 29.4% · 🌾 70.6%
Feudal
—
Castillos
—
Imperial
—
| APM promedio | 30.5 |
| APM pico | 45 |
| eAPM promedio | 12.2 |
| Aldeanos / militares | 8 / 0 |
Foco
⚔️ 15.6% · 🌾 84.4%
Feudal
—
Castillos
—
Imperial
—
| APM promedio | 24.0 |
| APM pico | 44 |
| eAPM promedio | 8.1 |
| Aldeanos / militares | 7 / 0 |
Foco
⚔️ 7.1% · 🌾 92.9%
Feudal
—
Castillos
—
Imperial
—
| APM promedio | 18.3 |
| APM pico | 25 |
| eAPM promedio | 8.3 |
| Aldeanos / militares | 12 / 0 |
Foco
⚔️ 4.5% · 🌾 95.5%
Feudal
—
Castillos
—
Imperial
—
| APM promedio | 21.6 |
| APM pico | 28 |
| eAPM promedio | 14.2 |
| Aldeanos / militares | 10 / 0 |
Foco
⚔️ 21.8% · 🌾 78.2%
Feudal
—
Castillos
—
Imperial
—
| APM promedio | 9.8 |
| APM pico | 19 |
| eAPM promedio | 4.6 |
| Aldeanos / militares | 8 / 0 |
Foco
⚔️ 5.9% · 🌾 94.1%
Feudal
—
Castillos
—
Imperial
—
| APM promedio | 14.8 |
| APM pico | 27 |
| eAPM promedio | 8.7 |
| Aldeanos / militares | 16 / 0 |
Foco
⚔️ 6.9% · 🌾 93.1%
Mapa de la partida
Recursos al inicio + cada clic de construcción. Línea gruesa = muro · recuadro discontinuo = muro de casas detectado. 🟡 oro · ⚪ piedra · 🟢 bayas · 🔶 jabalí · ⭕ reliquia
Inputs por minuto
— bryant200120 - - StaplegunKing
Build order — bryant200120
15 acciones detectadas en el replay
| 0:01 | Crear | Villager (Male) |
| 0:01 | Crear | Villager (Male) |
| 0:02 | Crear | Villager (Male) |
| 0:02 | Crear | Villager (Male) |
| 0:02 | Crear | Villager (Male) |
| 0:04 | Construir | House |
| 0:05 | Construir | House |
| 0:52 | Investigar | Loom |
| 1:26 | Crear | Villager (Male) |
| 1:28 | Investigar | Loom |
| 1:40 | Crear | Villager (Male) |
| 1:40 | Crear | Villager (Male) |
| 2:08 | Crear | Villager (Male) |
| 2:08 | Crear | Villager (Male) |
| 2:41 | Crear | Villager (Male) |
Build order — StaplegunKing
9 acciones detectadas en el replay
| 0:06 | Construir | House |
| 0:08 | Construir | House |
| 0:09 | Crear | Villager (Male) |
| 0:09 | Crear | Villager (Male) |
| 0:09 | Crear | Villager (Male) |
| 0:09 | Crear | Villager (Male) |
| 0:30 | Investigar | Loom |
| 0:51 | Construir | Palisade Wall |
| 1:10 | Construir | Palisade Wall |
Build order — Mark
12 acciones detectadas en el replay
| 0:05 | Investigar | Loom |
| 0:47 | Construir | Palisade Wall |
| 1:00 | Crear | Villager (Male) |
| 1:25 | Crear | Villager (Male) |
| 1:56 | Crear | Villager (Male) |
| 2:34 | Crear | Villager (Male) |
| 3:11 | Crear | Villager (Male) |
| 3:11 | Crear | Villager (Male) |
| 3:17 | Construir | Lumber Camp |
| 3:39 | Crear | Villager (Male) |
| 3:54 | Crear | Villager (Male) |
| 4:11 | Construir | House |
Build order — Donald
14 acciones detectadas en el replay
| 0:03 | Crear | Villager (Male) |
| 0:04 | Investigar | Loom |
| 0:04 | Crear | Villager (Male) |
| 0:04 | Crear | Villager (Male) |
| 0:05 | Crear | Villager (Male) |
| 0:05 | Crear | Villager (Male) |
| 0:07 | Construir | House |
| 0:09 | Construir | House |
| 1:39 | Construir | Palisade Wall |
| 1:56 | Construir | Palisade Wall |
| 2:05 | Crear | Villager (Male) |
| 2:30 | Crear | Villager (Male) |
| 2:49 | Construir | House |
| 2:50 | Construir | House |
Build order — Øgusson
19 acciones detectadas en el replay
| 0:04 | Investigar | Loom |
| 0:05 | Crear | Villager (Male) |
| 0:05 | Crear | Villager (Male) |
| 0:05 | Crear | Villager (Male) |
| 0:06 | Crear | Villager (Male) |
| 0:22 | Construir | House |
| 0:25 | Construir | House |
| 2:08 | Crear | Villager (Male) |
| 2:45 | Construir | Palisade Wall |
| 3:08 | Crear | Villager (Male) |
| 3:08 | Crear | Villager (Male) |
| 3:09 | Crear | Villager (Male) |
| 3:37 | Crear | Villager (Male) |
| 3:37 | Crear | Villager (Male) |
| 4:06 | Crear | Villager (Male) |
| 4:14 | Construir | House |
| 4:15 | Construir | House |
| 4:17 | Construir | House |
| 4:18 | Crear | Villager (Male) |
Build order — NgAgo
15 acciones detectadas en el replay
| 0:01 | Crear | Villager (Male) |
| 0:02 | Crear | Villager (Male) |
| 0:02 | Crear | Villager (Male) |
| 0:03 | Construir | House |
| 0:04 | Construir | House |
| 0:35 | Crear | Villager (Male) |
| 1:27 | Crear | Villager (Male) |
| 1:46 | Construir | Lumber Camp |
| 2:10 | Crear | Villager (Male) |
| 2:26 | Crear | Villager (Male) |
| 2:52 | Crear | Villager (Male) |
| 3:13 | Crear | Villager (Male) |
| 3:18 | Construir | House |
| 3:19 | Construir | House |
| 4:31 | Crear | Villager (Male) |
Build order — SULT
11 acciones detectadas en el replay
| 2:34 | Construir | House |
| 2:36 | Construir | House |
| 2:38 | Crear | Villager (Male) |
| 2:39 | Crear | Villager (Male) |
| 2:39 | Crear | Villager (Male) |
| 2:39 | Crear | Villager (Male) |
| 2:39 | Crear | Villager (Male) |
| 2:40 | Crear | Villager (Male) |
| 2:41 | Investigar | Loom |
| 4:03 | Crear | Villager (Male) |
| 4:03 | Crear | Villager (Male) |
Build order — 比奇堡突击手海绵宝宝
23 acciones detectadas en el replay
| 0:06 | Investigar | Loom |
| 0:06 | Investigar | Loom |
| 0:19 | Construir | House |
| 0:20 | Construir | House |
| 0:21 | Construir | House |
| 0:30 | Crear | Villager (Male) |
| 0:30 | Crear | Villager (Male) |
| 0:30 | Crear | Villager (Male) |
| 0:30 | Crear | Villager (Male) |
| 0:31 | Crear | Villager (Male) |
| 0:47 | Construir | Palisade Wall |
| 2:05 | Crear | Villager (Male) |
| 2:06 | Crear | Villager (Male) |
| 2:06 | Crear | Villager (Male) |
| 2:55 | Crear | Villager (Male) |
| 2:56 | Crear | Villager (Male) |
| 2:56 | Crear | Villager (Male) |
| 3:19 | Crear | Villager (Male) |
| 4:00 | Construir | Settlement |
| 4:15 | Crear | Villager (Male) |
| 4:15 | Crear | Villager (Male) |
| 4:15 | Crear | Villager (Male) |
| 4:15 | Crear | Villager (Male) |
Cronología de la partida
| 0:47 | 比奇堡突击手海绵宝宝 · wall_segment Palisade Wall x18 |
| 0:47 | Mark · wall_segment Palisade Wall x8 |
| 0:51 | StaplegunKing · wall_segment Palisade Wall x7 |
| 1:10 | StaplegunKing · wall_segment Palisade Wall x8 |
| 1:39 | Donald · wall_segment Palisade Wall x12 |
| 1:56 | Donald · wall_segment Palisade Wall x2 |
| 2:45 | Øgusson · wall_segment Palisade Wall x8 |
| 2:56 | StaplegunKing · resign |
[ ANÁLISIS IA · 1 CRÉDITO ]
¿Qué pasó realmente en esta partida?
Wolo.gg analiza cada decisión: build order, eco, micro, errores típicos por bracket. Análisis personalizado por WhatsApp o Discord en 30 segundos.
Guía civ
Francos
Guía mapa
Black Forest
Perfil
bryant200120